 Dungeon Crawl Stone Soup version 0.24.0-41-g2ae2f7f1be (webtiles) character file.

Game seed: 646198099979215279, levelgen mode: deterministic

18644 FishyPogo the Thaumaturge (level 12, -4/84 HPs)
             Began as a Gnoll Skald on Dec 14, 2019.
             Was a High Priest of Hepliaklqana.
             Slain by Erolcha
             ... wielding a +0 giant club
              (14 damage)
             ... while paralysed by an orc sorcerer
             ... on level 1 of the Orcish Mines.
             The game lasted 01:08:44 (11497 turns).

FishyPogo the Thaumaturge (Gnoll Skald)            Turns: 11497, Time: 01:08:45

Health: -4/84      AC: 22    Str: 21    XL:     12   Next: 60%
Magic:  16/25      EV:  2    Int: 17    God:    Hepliaklqana [*****.]
Gold:   293        SH:  0    Dex: 18    Spells: 14/29 levels left

rFire    . . .     SeeInvis .   b - +3 dagger "Zaroaligg" {drain, Int+2 Dex+3}
rCold    . . .     Gourm    .   M - +1 buckler {AC+3}
rNeg     . . .     Faith    .   k - +8 scale mail "Monevod" {+Inv rElec Regen+}
rPois    +         Spirit   .   X - +0 helmet
rElec    +         Reflect  .   (no cloak)
rCorr    +         Harm     .   J - +0 pair of gloves
MR       .....                  w - +0 pair of boots
Stlth    ++........             n - amulet of regeneration
HPRegen  1.04/turn              f - ring of resist corrosion
MPRegen  0.19/turn              Z - ring of poison resistance

@: paralysed, shrouded, singing, drained
A: distributed training, reduced essence, fangs 1, strong 1, strong nose
a: Recall Ancestor, Ancestor Identity, Transference, Idealise, Renounce
Religion, Evoke Invisibility


You were on level 1 of the Orcish Mines.
You worshipped Hepliaklqana.
Hepliaklqana was extremely pleased with you.
You were hungry.

You visited 3 branches of the dungeon, and saw 14 of its levels.
You also visited: Sewer and Ossuary.

You collected 755 gold pieces.
You spent 462 gold pieces at shops.

Inventory:

Hand Weapons
 b - the +3 dagger "Zaroaligg" (weapon) {drain, Int+2 Dex+3}
   (You found it on level 7 of the Dungeon)

   A truly terrible weapon, it drains the life of those it strikes.
   It affects your intelligence (+2).
   It affects your dexterity (+3).
 h - a +1 dagger of venom
 p - a cursed +0 mace
 s - a +2 dagger of protection
Missiles
 e - 414 stones
 i - 22 poisoned darts
 D - 19 javelins (quivered)
 Q - 18 boomerangs
 R - a throwing net
 U - 2 silver javelins
Armour
 k - the +8 scale mail "Monevod" (worn) {+Inv rElec Regen+}
   (You bought it in a shop on level 12 of the Dungeon)

   It insulates you from electricity.
   It lets you turn invisible.
   It increases your rate of regeneration.
 q - the +0 robe of Duuske {rN+ MR+}
   (You found it on level 12 of the Dungeon)

   It protects you from negative energy.
   It affects your resistance to hostile enchantments.
 w - a +0 pair of boots (worn)
 F - a +0 ring mail of cold resistance
 J - a +0 pair of gloves (worn)
 M - a +1 buckler of protection (worn)
 X - a +0 helmet (worn)
 Y - the +0 buckler "Kaniw" {*Contam rPois rC+ Int+3}
   (You bought it in a shop on level 12 of the Dungeon)

   It affects your intelligence (+3).
   It protects you from cold.
   It protects you from poison.
   It causes magical contamination when unequipped.
Jewellery
 f - a ring of resist corrosion (left hand)
 m - an uncursed ring of fire
 n - an amulet of regeneration (around neck)
 C - a +4 ring of dexterity
 W - a +6 ring of intelligence
 Z - a ring of poison resistance (right hand)
Wands
 l - a wand of flame (14)
 u - a wand of digging (7)
 A - a wand of paralysis (12)
 K - a wand of clouds (5)
 V - a wand of random effects (26)
Scrolls
 a - a scroll of amnesia
 c - 11 scrolls of teleportation
 g - 3 scrolls of magic mapping
 y - 2 scrolls of acquirement {unknown}
 B - 8 scrolls of enchant armour {unknown}
 G - 3 scrolls of identify
 N - a scroll of fear
 P - a scroll of noise {unknown}
 S - 5 scrolls of remove curse
 T - a scroll of random uselessness {unknown}
Potions
 j - 3 potions of might
 o - 2 potions of brilliance
 r - 6 potions of curing
 t - 2 potions of cancellation {unknown}
 v - 4 potions of berserk rage
 x - 5 potions of heal wounds
 z - 2 potions of flight {unknown}
 E - 3 potions of agility
 I - a potion of haste {unknown}
 L - 7 potions of lignification
Comestibles
 d - 26 rations


   Skills:
 + Level 8.7(8.1) Fighting
 + Level 8.7(8.1) Short Blades
 + Level 7.3(6.7) Long Blades
 + Level 7.3(6.7) Axes
 + Level 7.3(6.7) Maces & Flails
 + Level 7.3(6.7) Polearms
 + Level 7.3(6.7) Staves
 + Level 7.3(6.7) Slings
 + Level 7.3(6.7) Bows
 + Level 7.3(6.7) Crossbows
 + Level 7.3(6.7) Throwing
 + Level 7.8(7.2) Armour
 + Level 8.7(8.1) Dodging
 + Level 7.3(6.7) Stealth
 + Level 7.3(6.7) Shields
 + Level 7.3(6.7) Unarmed Combat
 + Level 9.0(8.3) Spellcasting
 + Level 6.1(5.4) Conjurations
 + Level 6.1(5.4) Hexes
 + Level 8.3(7.6) Charms
 + Level 6.1(5.4) Summonings
 + Level 6.1(5.4) Necromancy
 + Level 6.1(5.4) Translocations
 + Level 6.1(5.4) Transmutations
 + Level 6.1(5.4) Fire Magic
 + Level 6.1(5.4) Ice Magic
 + Level 6.1(5.4) Air Magic
 + Level 6.1(5.4) Earth Magic
 + Level 6.1(5.4) Poison Magic
 + Level 8.0(7.4) Invocations
 + Level 7.3(6.7) Evocations


You had 14 spell levels left.
You knew the following spells:

 Your Spells              Type           Power        Failure   Level  Hunger
d - Animate Dead          Necr           N/A          26%         4    ###....
h - Regeneration          Chrm/Necr      ####......   4%          3    #......
n - Spectral Weapon       Hex/Chrm       ####....     4%          3    #......
p - Shroud of Golubria    Chrm/Tloc      ####..       2%          2    None
u - Song of Slaying       Chrm           ####....     1%          2    None
y - Infusion              Chrm           ####         1%          1    None

Your spell library contained the following spells:

 Spells                   Type           Power        Failure   Level  Hunger
 Animate Skeleton         Necr           N/A          2%          1    None
 Apportation              Tloc           ####..       2%          1    None
 Confusing Touch          Hex            ####..       2%          1    None
 Pain                     Necr           ####         2%          1    None
 Summon Small Mammal      Summ           ####         2%          1    None
 Confuse                  Hex            ####....     8%          3    #......
 Gell's Gravitas          Tloc           ####......   8%          3    #......
 Vampiric Draining        Necr           ####......   8%          3    #......
 Petrify                  Tmut/Erth      ####....     26%         4    ###....
 Metabolic Englaciation   Hex/Ice        ####......   58%         5    #####..
 Yara's Violent Unravell  Hex/Tmut       ####......   58%         5    #####..


Dungeon Overview and Level Annotations

Branches:
Dungeon (12/15)            Temple (0/1) D:4            Lair (1/6) D:9
    Orc (1/2) D:9           Sewer (visited)         Ossuary (visited)

Altars:
Cheibriados
Hepliaklqana
Makhleb
Nemelex Xobeh
Sif Muna
Trog
Uskayaw
Xom
Yredelemnul
The Shining One

Shops:
D:9 (:   D:12 [

Annotations:
D:8 3 runed translucent doors, PentaManta's ghost, novice SpAs; Pizzadoos's ghost, novice GnWn; Theblade12's ghost, journeyman DsWn; happy's ghost, novice DgTm; sipior's ghost, novice TrBe
Orc:1 Erolcha


Innate Abilities, Weirdness & Mutations

Your experience applies equally to all skills.
You have very sharp teeth.
Your uncanny sense of smell can sniff out nearby items.
Your life essence is reduced to manifest your ancestor. (-10% HP)
Your muscles are strong. (Str +2)


Message History

Your spectral weapon barely misses the orc sorcerer.
The orc sorcerer gestures at you while chanting.
You suddenly lose the ability to move!
Aula casts a spell at the orc sorcerer.
The puff of frost hits the orc sorcerer!
Erolcha hits you with a +0 giant club.
The orc sorcerer hits you but does no damage.
Erolcha casts a spell at you. The crystal spear hits you!!!
Ouch! That really hurt!
* * * LOW HITPOINT WARNING * * *
Aula barely misses the orc sorcerer.
The orc sorcerer wildly gestures.
The orc sorcerer glows brightly for a moment.
The orc sorcerer mumbles some strange words.
Your shroud bends Erolcha's attack away.
Aula hits the orc sorcerer with a +0 quarterstaff!!
Erolcha roars.
Erolcha hits you with a +0 giant club!
You die...

#...........
∆........... #
........... #.
..........
##.####...#.....
......#.........
.....4(R)[....$.
......o@<>....#
...#...O........
#..#.........
...............
#.....#....#..#.
##..............
#... ..#.##....
##.....### ##..


You could see the friendly Aula the battlemage, Erolcha, an ice devil, an orc
sorcerer and a friendly spectral +3 dagger "Zaroaligg" {drain, Int+2 Dex+3}.

Vanquished Creatures
  2 two-headed ogres (D:12)
  3 death yaks
  An orc knight (Orc:1)
  An ugly thing (D:11)
  Joseph (D:9)
  2 centaur skeletons
  4 trolls
  Prince Ribbit (D:6)
  4 slime creatures (D:12)
  A shadow (D:10)
  6 yaks (D:9)
  A hungry ghost (D:10)
  A soldier ant (D:11)
  A sky beast (D:11)
  An ice beast (D:8)
  4 orc warriors
  2 phantoms
  A necrophage (D:7)
  6 ogres
  6 centaurs
  2 elf zombies (Ossuary)
  A crocodile (D:8)
  6 bullfrogs
  3 scorpions
  4 killer bees (D:9)
  2 howler monkeys (D:11)
  3 crimson imps
  3 bullfrog zombies
  5 centaur zombies
  A quasit (D:9)
  A human zombie (Ossuary)
  5 orc priests
  2 hounds (D:5)
  5 iguanas
  6 orc wizards
  3 worker ants
  A hound zombie (D:6)
  2 hound skeletons
  A mummy (Ossuary)
  4 gnolls
  17 adders
  5 river rats (Sewer)
  4 oozes
  An adder zombie (D:3)
  3 worms
  5 dart slugs
  9 leopard geckos
  37 orcs
  13 ball pythons
  8 giant cockroaches
  6 goblins
  9 hobgoblins
  11 jackals
  5 quokkas
  6 bats
  3 frilled lizards
  A goblin zombie (Ossuary)
  3 hobgoblin zombies (Ossuary)
  2 jackal skeletons
  12 kobolds
  10 kobold zombies (Ossuary)
  9 orc zombies (Ossuary)
  A quokka skeleton (D:3)
  27 rats
316 creatures vanquished.

Vanquished Creatures (collateral kills)
  An unseen horror (D:10)
  An ugly thing (D:12)
  3 trolls
  A slime creature (D:12)
  Sigmund (D:6)
  A vampire (D:12)
  4 yaks (D:9)
  A hungry ghost (D:9)
  A warg (D:9)
  Menkaure (D:6)
  A soldier ant (D:12)
  A sky beast (D:9)
  3 orc warriors
  An ice beast (D:6)
  4 ogres
  A black bear (D:9)
  The ghost of barcode the Chiller, an amateur DDIE (D:3)
  2 centaurs
  A big kobold (D:12)
  5 bullfrogs
  A water moccasin zombie (D:7)
  3 scorpions
  7 killer bees (D:9)
  A howler monkey (D:5)
  2 jellies
  2 crimson imps
  2 centaur zombies (Ossuary)
  4 hounds
  2 orc priests
  2 human zombies (Ossuary)
  A centaur skeleton (D:6)
  2 bullfrog skeletons
  2 iguanas
  6 orc wizards
  3 worker ants
  2 mummies
  6 adders
  3 gnolls
  3 adder zombies
  A leopard gecko (D:5)
  14 orcs
  5 jackals
  A quokka (D:7)
  A frilled lizard (D:4)
  2 hobgoblin zombies (Ossuary)
  An orc zombie (Ossuary)
114 creatures vanquished.

Vanquished Creatures (others)
  5 battlemagi
  An ancestor (D:4)
  5 spectral weapons
11 creatures vanquished.

Grand Total: 441 creatures vanquished

Notes
Turn   | Place    | Note
-------+----------+-------------------------------------------
     0 | D:1      | FishyPogo the Gnoll Skald began the quest for the Orb.
     0 | D:1      | Reached XP level 1. HP: 20/20 MP: 6/6
   100 | D:1      | Reached XP level 2. HP: 26/26 MP: 7/7
   113 | D:1      | Learned a level 2 spell: Song of Slaying
   116 | D:1      | Learned a level 2 spell: Shroud of Golubria
   712 | D:2      | Reached skill level 5 in Spellcasting
   712 | D:2      | Reached skill level 1 in Invocations
   712 | D:2      | Reached XP level 3. HP: 16/31 MP: 7/9
  1086 | D:2      | Reached skill level 1 in Long Blades
  1086 | D:2      | Reached skill level 1 in Axes
  1086 | D:2      | Reached skill level 1 in Maces & Flails
  1086 | D:2      | Reached skill level 1 in Polearms
  1086 | D:2      | Reached skill level 1 in Staves
  1086 | D:2      | Reached skill level 1 in Slings
  1086 | D:2      | Reached skill level 1 in Bows
  1086 | D:2      | Reached skill level 1 in Crossbows
  1086 | D:2      | Reached skill level 1 in Throwing
  1086 | D:2      | Reached skill level 1 in Stealth
  1086 | D:2      | Reached skill level 1 in Shields
  1086 | D:2      | Reached skill level 1 in Unarmed Combat
  1086 | D:2      | Reached skill level 1 in Evocations
  1086 | D:2      | Reached XP level 4. HP: 31/38 MP: 11/11
  1118 | D:2      | Found a basalt altar of Yredelemnul.
  1152 | D:2      | Learned a level 3 spell: Regeneration
  1158 | D:2      | Learned a level 3 spell: Spectral Weapon
  1280 | D:2      | Reached skill level 1 in Conjurations
  1280 | D:2      | Reached skill level 1 in Hexes
  1280 | D:2      | Reached skill level 1 in Summonings
  1280 | D:2      | Reached skill level 1 in Necromancy
  1280 | D:2      | Reached skill level 1 in Translocations
  1280 | D:2      | Reached skill level 1 in Transmutations
  1280 | D:2      | Reached skill level 1 in Fire Magic
  1280 | D:2      | Reached skill level 1 in Ice Magic
  1280 | D:2      | Reached skill level 1 in Air Magic
  1280 | D:2      | Reached skill level 1 in Earth Magic
  1280 | D:2      | Reached skill level 1 in Poison Magic
  1561 | D:3      | Reached XP level 5. HP: 41/43 MP: 4/12
  1715 | D:3      | Found a runed translucent gate.
  1716 | D:3      | Found a runed translucent gate.
  1717 | D:3      | Found a runed translucent gate.
  1812 | D:3      | Found a glowing drain.
  1860 | Sewer    | Entered a sewer
  2178 | Sewer    | Reached XP level 6. HP: 30/50 MP: 0/13
  2487 | Sewer    | Reached skill level 5 in Fighting
  2487 | Sewer    | Reached skill level 5 in Short Blades
  2487 | Sewer    | Reached skill level 5 in Dodging
  2493 | Sewer    | Reached XP level 7. HP: 33/56 MP: 4/15
  2588 | D:3      | Found a hazy altar of Hepliaklqana.
  2600 | D:3      | Became a worshipper of Hepliaklqana the Forgotten
  2926 | D:3      | Noticed barcode's ghost (amateur DDIE)
  3075 | D:3      | Killed barcode's ghost
  3222 | D:4      | Found a bloodstained altar of Trog.
  3414 | D:4      | Reached XP level 8. HP: 20/56 MP: 8/16
  3693 | D:4      | Found a staircase to the Ecumenical Temple.
  3730 | D:4      | Reached * piety under Hepliaklqana
  4161 | D:4      | Found a shimmering altar of Xom.
  4277 | D:5      | Entered Level 5 of the Dungeon
  4424 | D:5      | Reached skill level 6 in Spellcasting
  4718 | D:5      | Found a hide-covered altar of Uskayaw.
  4718 | D:5      | Noticed a +0 hand axe
  4719 | D:5      | Noticed a +0 dagger
  4938 | D:5      | Reached ** piety under Hepliaklqana
  4939 | D:5      | Remembered your ancestor Aula as a battlemage
  4940 | D:5      | Found a burning altar of Makhleb.
  4983 | D:5      | Reached XP level 9. HP: 52/62 MP: 14/18
  5271 | D:6      | Found a shimmering blue altar of Sif Muna.
  5273 | D:6      | Found a burning altar of Makhleb.
  5274 | D:6      | Found a snail-covered altar of Cheibriados.
  5275 | D:6      | Found a sparkling altar of Nemelex Xobeh.
  5436 | D:6      | Reached skill level 5 in Armour
  5493 | D:6      | Noticed Prince Ribbit
  5513 | D:6      | Killed Prince Ribbit
  5621 | D:6      | Noticed Sigmund
  5636 | D:6      | Killed Sigmund
  5644 | D:6      | Noticed Menkaure
  5661 | D:6      | Killed Menkaure
  5661 | D:6      | Reached skill level 5 in Invocations
  5974 | D:7      | Found a sand-covered staircase.
  5985 | Ossuary  | Entered an ossuary
  5991 | Ossuary  | Reached *** piety under Hepliaklqana
  6141 | Ossuary  | Reached XP level 10. HP: 69/69 MP: 15/20
  6147 | Ossuary  | Reached skill level 7 in Spellcasting
  6395 | D:7      | Got a warped dagger
  6397 | D:7      | Identified the cursed +3 dagger "Zaroaligg" {drain, Int+2
                  | Dex+3} (You found it on level 7 of the Dungeon)
  6537 | D:7      | Reached skill level 5 in Long Blades
  6537 | D:7      | Reached skill level 5 in Axes
  6537 | D:7      | Reached skill level 5 in Maces & Flails
  6537 | D:7      | Reached skill level 5 in Polearms
  6537 | D:7      | Reached skill level 5 in Staves
  6537 | D:7      | Reached skill level 5 in Slings
  6537 | D:7      | Reached skill level 5 in Bows
  6537 | D:7      | Reached skill level 5 in Crossbows
  6537 | D:7      | Reached skill level 5 in Throwing
  6537 | D:7      | Reached skill level 5 in Stealth
  6537 | D:7      | Reached skill level 5 in Shields
  6537 | D:7      | Reached skill level 5 in Unarmed Combat
  6537 | D:7      | Reached skill level 5 in Evocations
  7144 | D:8      | Found a runed translucent gate.
  7144 | D:8      | Found a runed translucent gate.
  7145 | D:8      | Found a runed translucent gate.
  7146 | D:8      | Noticed sipior's ghost (novice TrBe)
  7148 | D:8      | Noticed Pizzadoos's ghost (novice GnWn)
  7148 | D:8      | Noticed PentaManta's ghost (novice SpAs)
  7148 | D:8      | Noticed Theblade12's ghost (journeyman DsWn)
  7149 | D:8      | Noticed happy's ghost (novice DgTm)
  7352 | D:9      | Noticed a death yak
  7355 | D:9      | Noticed a death yak
  7455 | D:9      | Found Joathruen's Book Emporium.
  7519 | D:9      | Noticed a death yak
  7572 | D:8      | Killed a death yak
  7675 | D:9      | Killed a death yak
  7688 | D:9      | Found a staircase to the Lair.
  7714 | D:9      | Noticed Joseph
  7761 | D:9      | Killed Joseph
  7761 | D:9      | Reached XP level 11. HP: 75/75 MP: 11/22
  8016 | D:9      | Killed a death yak
  8016 | D:9      | Reached skill level 5 in Conjurations
  8016 | D:9      | Reached skill level 5 in Hexes
  8016 | D:9      | Reached skill level 5 in Summonings
  8016 | D:9      | Reached skill level 5 in Necromancy
  8016 | D:9      | Reached skill level 5 in Translocations
  8016 | D:9      | Reached skill level 5 in Transmutations
  8016 | D:9      | Reached skill level 5 in Fire Magic
  8016 | D:9      | Reached skill level 5 in Ice Magic
  8016 | D:9      | Reached skill level 5 in Air Magic
  8016 | D:9      | Reached skill level 5 in Earth Magic
  8016 | D:9      | Reached skill level 5 in Poison Magic
  8030 | D:9      | Reached skill level 8 in Spellcasting
  8289 | D:9      | Found Yzatti's Weapon Shoppe.
  8598 | D:9      | Found a staircase to the Orcish Mines.
  8673 | D:10     | Entered Level 10 of the Dungeon
  8789 | D:10     | Killed an unseen horror
  9094 | D:10     | Reached **** piety under Hepliaklqana
  9132 | D:10     | Learned a level 4 spell: Animate Dead
  9202 | D:10     | Found a glowing golden altar of the Shining One.
  9697 | D:11     | Reached XP level 12. HP: 83/83 MP: 24/24
 10219 | D:12     | Found Giemymoph's Antique Armour Boutique.
 10225 | D:12     | Bought a bloodstained buckler for 237 gold pieces
 10235 | D:12     | Identified the +0 buckler "Kaniw" {*Contam rPois rC+ Int+3}
                  | (You bought it in a shop on level 12 of the Dungeon)
 10310 | D:12     | Reached ***** piety under Hepliaklqana
 10339 | D:12     | Gained mutation: Your muscles are strong. (Str +2)
                  | [mutagenic glow]
 10379 | D:12     | Noticed a two-headed ogre
 10505 | D:12     | Killed a two-headed ogre
 10512 | D:12     | Got a crude robe
 10523 | D:12     | Identified the +0 robe of Duuske {rN+ MR+} (You found it on
                  | level 12 of the Dungeon)
 10688 | D:12     | Noticed a two-headed ogre
 10697 | D:12     | Killed a two-headed ogre
 11052 | D:12     | Found a portal to a secret trove of treasure.
 11197 | D:12     | Bought a spiked scale mail for 225 gold pieces
 11207 | D:12     | Identified the +8 scale mail "Monevod" {+Inv rElec Regen+}
                  | (You bought it in a shop on level 12 of the Dungeon)
 11312 | Lair:1   | Entered Level 1 of the Lair of Beasts
 11425 | Orc:1    | Entered Level 1 of the Orcish Mines
 11439 | D:9      | Reached skill level 9 in Spellcasting
 11446 | Orc:1    | Noticed a sun demon
 11448 | Orc:1    | Noticed Erolcha
 11494 | Orc:1    | Paralysed by an orc sorcerer for 4 turns
 11497 | Orc:1    | Slain by Erolcha

Levels and vault maps discovered:
D:1:      elethiomel_arrival_infinity_welcomes_careful_drivers, layout_rooms,
          nrook_mini_vaults, minmay_tetromino_o4
D:2:      layout_rooms, nicolae_overflow_crystal_walls,
          kennysheep_generic_room_9
D:3:      layout_basic, overflow_temple_1_default, portal_sewer_entry_f,
          gammafunk_ghost_necromancy
D:4:      layout_basic, kennysheep_mini, first_ration, tgw_xom
D:5:      layout_loops_cross, dancing_weapons_uskayaw, makhleb_heckhound_becter
D:6:      layout_gridville, minitemple, uniq_menkaure, uniq_sigmund,
          uniq_prince_ribbit1
D:7:      minmay_chambers_of_fours, layout_basic, gup_ossuary_entry_pyramid
D:8:      layout_basic, gammafunk_ghost_cemetery, grunt_ministairs_7
D:9:      layout_roguey, dpeg_lair_monsters, hiddenorc1_lemuel, serial_shops,
          nicolae_shop_trees, shop, grunt_ogre_cave, uniq_joseph
D:10:     layout_cave_pools, tso_metal_star
D:11:     layout_irregular_city, nicolae_twisting_strands
D:12:     minmay_clustersquares, layout_loops_ring,
          nicolae_trove_entry_free_sample, serial_shops, nicolae_shop_crystal
Lair:1:   layout_hall_layers, infiniplex_staircase_pool_2, serial_bayou_shore_b
Orc:1:    layout_caves, basic_altar, uniq_erolcha

Skill      XL: |  1  2  3  4  5  6  7  8  9 10 11 12 |
---------------+-------------------------------------+-----
Spellcasting   | 5 6 7 8 9 |  9.0
Invocations    | 1 2 3 4 5 6 7 8 |  8.0
Long Blades    | 1 2 3 4 5 6 7 |  7.3
Axes           | 1 2 3 4 5 6 7 |  7.3
Maces & Flails | 1 2 3 4 5 6 7 |  7.3
Polearms       | 1 2 3 4 5 6 7 |  7.3
Staves         | 1 2 3 4 5 6 7 |  7.3
Slings         | 1 2 3 4 5 6 7 |  7.3
Bows           | 1 2 3 4 5 6 7 |  7.3
Crossbows      | 1 2 3 4 5 6 7 |  7.3
Throwing       | 1 2 3 4 5 6 7 |  7.3
Stealth        | 1 2 3 4 5 6 7 |  7.3
Shields        | 1 2 3 4 5 6 7 |  7.3
Unarmed Combat | 1 2 3 4 5 6 7 |  7.3
Evocations     | 1 2 3 4 5 6 7 |  7.3
Conjurations   | 1 2 3 4 5 6 |  6.1
Hexes          | 1 2 3 4 5 6 |  6.1
Summonings     | 1 2 3 4 5 6 |  6.1
Necromancy     | 1 2 3 4 5 6 |  6.1
Translocations | 1 2 3 4 5 6 |  6.1
Transmutations | 1 2 3 4 5 6 |  6.1
Fire Magic     | 1 2 3 4 5 6 |  6.1
Ice Magic      | 1 2 3 4 5 6 |  6.1
Air Magic      | 1 2 3 4 5 6 |  6.1
Earth Magic    | 1 2 3 4 5 6 |  6.1
Poison Magic   | 1 2 3 4 5 6 |  6.1
Armour         | 3 4 5 6 7 |  7.8
Fighting       | 5 6 7 8 |  8.7
Short Blades   | 5 6 7 8 |  8.7
Dodging        | 5 6 7 8 |  8.7
Charms         | 6 7 8 |  8.3

Action                   |  1- 3 |  4- 6 |  7- 9 | 10-12 || total
-------------------------+-------+-------+-------+-------++-------
Melee: Short sword       |    72 |       |       |       ||    72
       Bite              |     7 |    22 |    67 |   121 ||   217
       Dagger            |    22 |   259 |   460 |   569 ||  1310
       Punch             |       |     2 |     2 |       ||     4
Throw: Stone             |       |    49 |    14 |     8 ||    71
       Dart              |       |       |       |    45 ||    45
       Javelin           |       |       |       |     5 ||     5
 Cast: Shroud of Golubri |       |     5 |    16 |    18 ||    39
       Infusion          |       |     5 |     4 |     6 ||    15
       Regeneration      |       |     3 |     2 |     6 ||    11
       Song of Slaying   |       |     6 |     8 |     6 ||    20
       Spectral Weapon   |       |       |    36 |    49 ||    85
       Animate Dead      |       |       |       |     1 ||     1
Invok: Recall Ancestor   |       |       |     1 |     3 ||     4
       Ancestor Life: Ba |       |       |     1 |       ||     1
  Use: Potion            |     1 |     5 |       |       ||     6
       Scroll            |       |     6 |     2 |     4 ||    12
 Stab: Sleeping          |     1 |       |     3 |    14 ||    18
       Distracted        |       |       |     4 |    14 ||    18
  Eat: Chunk             |     1 |     5 |    15 |    19 ||    40
Armor: Leather armour    |    20 |    46 |    24 |       ||    90
       Skin              |       |    39 |       |       ||    39
       Ring mail         |       |       |    62 |    71 ||   133
       Scale mail        |       |       |       |     4 ||     4
Dodge: Dodged            |    69 |   199 |   229 |   218 ||   715
Block: Buckler           |       |       |    28 |   115 ||   143
